AoeStats
← Lazy Dog

African Clearing

510410886Analyzed
3v3 RM · 22h ago on Sep 30, 2026· 30m 20s· 6 players
Game mode
Random Map
Map size
Normal (6 player)
Population
200
Speed
Normal
Resources
Standard
Victory
Conquest
Starting age
Dark Age
Ending age
Imperial Age
RankedLock teamsTeams togetherTeam positionsShared explorationLock speedFull tech treeHidden civsTurbo modeCheats
Victory
Defeat
1337
+10
🇦🇷 Vietnamese · Argentina
1130
+18
🇦🇷 Italians · Argentina
908
+27
🇨🇦 Vietnamese · Canada
1241
-20
🇬🇧 Mongols · United Kingdom
1166
-18
🇺🇸 Magyars · United States
1147
-17
Izuru Alexandros RÆ
9:26 Loom
11:38 Feudal Age
12:23 Double-Bit Axe
15:18 Forging
24:08 Castle Age
22:13 Stone Mining
23:09 Scale Barding Armor
23:30 Gold Mining
25:25 Wheelbarrow
27:50 Chain Barding Armor
28:49 Iron Casting
30:35 Fletching
tomicoro7367
7:04 Loom
10:15 Loom
12:47 Feudal Age
12:51 Man-at-Arms
13:28 Double-Bit Axe
17:36 Scale Mail Armor
20:49 Forging
26:20 Castle Age
25:34 Wheelbarrow
25:22 Town Watch
26:19 Wheelbarrow
27:33 Bow Saw
28:22 Hand Cart
28:51 Chain Mail Armor
SMNT-Chifuego
4:20 Loom
13:29 Feudal Age
15:33 Double-Bit Axe
21:43 Fletching
23:12 Horse Collar
27:24 Castle Age
25:11 Town Watch
25:21 Gold Mining
28:56 Bow Saw
28:48 Heavy Plow
Kazule
6:59 Loom
12:33 Feudal Age
24:15 Castle Age
Lazy Dog
9:10 Loom
9:15 Loom
11:06 Loom
14:32 Feudal Age
15:36 Double-Bit Axe
17:17 Wheelbarrow
21:55 Castle Age
20:06 Horse Collar
20:18 Gold Mining
21:17 Padded Archer Armor
22:11 Crossbowman
25:30 Hand Cart
26:31 Bow Saw
Burgoman2
15:52 Feudal Age
15:13 Loom
17:51 Double-Bit Axe
27:25 Castle Age
Connection lost

Rejoining the realm…

Still unreachable

The connection could not be restored.

Session expired

The server has moved on; the page needs a fresh start.